 Dungeon Crawl Stone Soup version 0.29-a0-541-gaf1fc19f1b (webtiles) character file.

Game seed: 7969908180935266404

331 kevlar127 the Ruffian (level 6, -6/62 HPs)
             Began as a Troll Berserker on June 2, 2022.
             Was a Believer of Trog.
             Mangled by a gnoll
             ... wielding a +0 halberd
             ... led by a gnoll shaman
              (14 damage)
             ... on level 4 of the Dungeon.
             The game lasted 00:07:06 (2751 turns).

kevlar127 the Ruffian (Troll Berserker)             Turns: 2751, Time: 00:07:07

Health: -6/62      AC:  4    Str: 28    XL:     6   Next: 26%
Magic:  5/5        EV: 10    Int:  3    God:    Trog [**....]
Gold:   142        SH:  0    Dex:  9    Spells: 5/5 levels left

rFire   . . .      SeeInvis .     - Unarmed
rCold   . . .      Faith    .   (no shield)
rNeg    . . .      Spirit   .   a - +0 animal skin
rPois   .          Reflect  .   (helmet restricted)
rElec   .          Harm     .   (no cloak)
rCorr   .          Rampage  .   (gloves unavailable)
Will    ++...                   (boots unavailable)
Stlth   +.........              (no amulet)
HPRegen 2.00/turn               (no ring)
MPRegen 0.09/turn               (no ring)

@: strong-willed (expiring), regenerating (expiring)
A: large, unfitting armour, claws 3, regeneration 1, shaggy fur 1, tough skin 1
a: Renounce Religion, Berserk, Trog's Hand


You were on level 4 of the Dungeon.
You worshipped Trog.
Trog was pleased with you.
You visited 1 branch of the dungeon, and saw 4 of its levels.

You collected 142 gold pieces.

Inventory:

Missiles
 e - 94 stones (quivered)
 l - 2 poisoned darts
Armour
 a - a +0 animal skin (worn)
Wands
 m - a wand of polymorph (1)
Scrolls
 b - a scroll of torment {unknown}
 d - 3 scrolls of teleportation {unknown}
 f - a scroll of enchant armour {unknown}
 h - 3 scrolls of identify {unknown}
 j - 2 scrolls of fear {unknown}
 n - a scroll of brand weapon {unknown}
 r - 4 scrolls of summoning {unknown}
 s - a scroll of poison {unknown}
 t - a scroll of magic mapping {unknown}
 u - a scroll of noise {unknown}
Potions
 c - a potion of degeneration {unknown}
 g - a potion of mutation {unknown}
 i - a potion of flight {unknown}
 k - 2 potions of curing {unknown}
 o - a potion of haste {unknown}
 p - a potion of resistance {unknown}
 q - a potion of brilliance {unknown}


   Skills:
 + Level 4.2 Fighting
 + Level 0.8 Throwing
 - Level 3.0 Dodging
 + Level 5.1 Unarmed Combat


You had 5 spell levels left.
You didn't know any spells.
Your spell library was empty.

Dungeon Overview and Level Annotations

Branches:
Dungeon (4/15)
 Temple: D:4-7

Altars:


Innate Abilities, Weirdness & Mutations

You are too large for most types of armour.
You have claws for hands.
Your natural rate of healing is unusually fast.
You are covered in fur. (AC +1)
You have tough skin. (AC +1)


Message History

Your skin crawls.
You feel strong-willed.
You feel sick. The gnoll hits you with a +0 club.
* * * LOW HITPOINT WARNING * * *
The gnoll barely misses you. The adder bites you.
* * * LOW HITPOINT WARNING * * *
The gnoll shaman attacks as you move away!
The gnoll shaman hits you with a +0 whip.
* * * LOW HITPOINT WARNING * * *
You feel sick.
You feel sick. The adder attacks as you move away! The adder bites you.
* * * LOW HITPOINT WARNING * * *
You feel sick. The adder bites you but does no damage.
The adder attacks as you move away! The adder misses you.
The gnoll attacks as you move away! The gnoll hits you with a +0 whip.
* * * LOW HITPOINT WARNING * * *
You feel sick.
You feel sick.
You are no longer poisoned.
You miss the adder. The adder bites you but does no damage.
You scratch the adder.
The adder is moderately wounded.
The adder completely misses you. The adder bites you but does no damage.
You completely miss the adder.
The adder is moderately wounded.
You feel the effects of Trog's Hand fading.
The adder bites you but does no damage.
You barely miss the adder. You claw the adder.
The adder is heavily wounded.
The adder bites you but does no damage.
You closely miss the adder.
The adder is heavily wounded.
The gnoll hits you from afar with a +0 halberd!
* * * LOW HITPOINT WARNING * * *
The adder bites you but does no damage.
You closely miss the adder.
The adder is heavily wounded.
The gnoll hits you from afar with a +0 halberd!
You die...

..####..#...##.................†.
#...##.#..#..###.......#.........
..........................#.<....
...........###...#..##.#####..###
#........#.....#....## #..#
#........##..####....# ####...#
#........##.......#.........#.
#........#..#.#.######......
#..........##.#.@Sg###.....
#........## ####gg.......
#.....#..... #..g........
#........... #...........
#........... #....).......
#...$........


You could see a gnoll shaman, 2 gnolls and an adder.

Vanquished Creatures
  Sigmund (D:2)
  A scorpion (D:4)
  An adder (D:3)
  A gnoll (D:4)
  3 worms
  2 dart slugs
  5 orcs (D:3)
  5 ball pythons
  9 bats
  7 endoplasms
  4 giant cockroaches
  8 goblins
  6 hobgoblins
  5 quokkas
  3 frilled lizards
  8 kobolds
  2 rats (D:3)
71 creatures vanquished.

Notes
Turn   | Place    | Note
-------+----------+-------------------------------------------
     0 | D:1      | kevlar127 the Troll Berserker began the quest for the Orb.
     0 | D:1      | Reached XP level 1. HP: 22/22 MP: 0/0
   201 | D:1      | Reached XP level 2. HP: 29/29 MP: 1/1
   328 | D:1      | Found a faded altar of an unknown god.
   495 | D:1      | Reached ** piety under Trog
   991 | D:2      | Reached XP level 3. HP: 36/36 MP: 2/2
  1444 | D:2      | Noticed Sigmund
  1478 | D:2      | Killed Sigmund
  1479 | D:2      | Reached skill level 4 in Unarmed Combat
  1479 | D:2      | Reached XP level 4. HP: 47/48 MP: 3/3
  1479 | D:2      | Reached XP level 5. HP: 53/54 MP: 4/4
  2504 | D:3      | Reached skill level 5 in Unarmed Combat
  2605 | D:4      | Reached XP level 6. HP: 55/62 MP: 5/5
  2751 | D:4      | Mangled by a gnoll

Illustrated notes

Levels and vault maps discovered:
D:1:      dpeg_arrival_solitude, layout_basic, shapermc_ecumenical_altar_venn
D:2:      minmay_evil_eye, layout_loops_corners, minmay_hexomino_p4,
          uniq_sigmund
D:3:      layout_loops_ring
D:4:      layout_rooms, minmay_misc_feat_encased, uniq_ijyb

Skill      XL: |  1  2  3  4  5 |
---------------+----------------+-----
Fighting       | 3 4 |  4.2
Dodging        | 3 |  3.0
Unarmed Combat | 4 5 |  5.1
Throwing       | |  0.8

Action                   |  1- 3 |  4- 6 || total
-------------------------+-------+-------++-------
Melee: Unarmed           |   106 |    79 ||   185
       Punch             |     1 |     3 ||     4
Invok: Trog's Hand       |     1 |     1 ||     2
Armor: Animal skin       |    52 |    22 ||    74
Dodge: Dodged            |    59 |    33 ||    92

Table legend: (Time is in decaauts)
 A = Elapsed time spent in this place.
 B = Non-inter-level travel time spent in this place.
 C = Inter-level travel time spent in this place.
 D = Time resting spent in this place.
 E = Time spent auto-exploring this place.
 F = Levels seen in this place.
 G = Mean time per level.
                   A        B        C        D        E       F      G
               +--------+--------+--------+--------+--------+-----+--------+
         Total |   2731 |   2647 |     84 |      0 |   2169 |   4 |  682.8 |
       Dungeon |   2731 |   2647 |     84 |      0 |   2169 |   4 |  682.8 |
               +--------+--------+--------+--------+--------+-----+--------+

Top non-repeatable levels by time:
     D:2: 939 daAuts
     D:1: 912 daAuts
     D:3: 730 daAuts
     D:4: 149 daAuts
